 Dungeon Crawl Stone Soup version 0.26-a0-651-gb41185065b (webtiles) character file.

Game seed: 15900987047710968326

107 raph the Poker (level 4, -2/33 HPs)
             Began as a Merfolk Gladiator on Oct 25, 2020.
             Was an Initiate of Ashenzari.
             Slain by an orc wizard
             ... wielding a +0 dagger
              (3 damage)
             ... on level 4 of the Dungeon.
             The game lasted 00:04:27 (2329 turns).

raph the Poker (Merfolk Gladiator)                  Turns: 2329, Time: 00:04:28

Health: -2/33      AC:  5    Str: 14    XL:     4   Next: 86%
Magic:  4/4        EV: 18    Int:  7    God:    Ashenzari [......]
Gold:   65         SH:  0    Dex: 16    Spells: 3/3 levels left

rFire    . . .     SeeInvis .   a - +0 trident
rCold    . . .     Faith    .   (no shield)
rNeg     . . .     Spirit   .   b - +0 leather armour
rPois    .         Reflect  .   c - +1 helmet
rElec    .         Harm     .   (no cloak)
rCorr    .         Rampage  .   (no gloves)
MR       .....                  (no boots)
Stlth    +.........             (no amulet)
HPRegen  0.11/turn              i - +4 ring of evasion
MPRegen  0.09/turn              (no ring)

@: no status effects
A: change form in water, swift swim, stealthy swim
a: Curse Item, Renounce Religion


You were on level 4 of the Dungeon.
You worshipped Ashenzari.
Ashenzari was noncommittal.
You visited 1 branch of the dungeon, and saw 4 of its levels.

You collected 65 gold pieces.

Inventory:

Hand Weapons
 a - a +0 trident (weapon)
Missiles
 d - 3 throwing nets (quivered)
Armour
 b - a +0 leather armour (worn)
 c - a +1 helmet (worn)
Jewellery
 i - a +4 ring of evasion (left hand)
Potions
 e - 2 potions of curing
 f - 2 potions of haste
 g - a potion of degeneration
 h - 2 potions of might
 j - a potion of ambrosia {unknown}


   Skills:
 - Level 2.1 Fighting
 + Level 7.9 Polearms
 - Level 2.0 Throwing
 - Level 4.0 Dodging


You had 3 spell levels left.
You didn't know any spells.
Your spell library was empty.

Dungeon Overview and Level Annotations

Branches:
Dungeon (4/15)
 Temple: D:4-7

Altars:
Ashenzari

Annotations:
D:2 Sigmund


Message History

A puff of flame appears from out of thin air!
The puff of flame hits you.
You closely miss something. Something closely misses you.
You closely miss something. Something hits you.
* * * LOW HITPOINT WARNING * * *
You miss something. You miss something.
You hear some strange, mumbled words.
A magic dart appears from out of thin air!
The magic dart hits you.
* * * LOW HITPOINT WARNING * * *
You feel better. Something hits you.
* * * LOW HITPOINT WARNING * * *
You closely miss something.
You hear some strange, mumbled words.
A magic dart appears from out of thin air!
The magic dart hits you.
* * * LOW HITPOINT WARNING * * *
You barely miss something. Something hits you.
You die...

#############################
..............@{.............
######.#####################
######.#### ...........#
#######.##.########
.................
###....†######.# ##..##.#
.....##.#####


There were no monsters in sight!

Vanquished Creatures
  A hound (D:3)
  A hound skeleton (D:3)
  2 adders
  2 worms
  2 leopard geckos
  A ball python (D:3)
  5 bats
  2 giant cockroaches
  6 goblins
  6 hobgoblins
  2 frilled lizards (D:2)
  5 kobolds
  2 rats (D:2)
37 creatures vanquished.

Notes
Turn   | Place    | Note
-------+----------+-------------------------------------------
     0 | D:1      | raph the Merfolk Gladiator began the quest for the Orb.
     0 | D:1      | Reached XP level 1. HP: 16/16 MP: 1/1
    88 | D:1      | Reached skill level 5 in Polearms
   120 | D:1      | Reached XP level 2. HP: 20/22 MP: 2/2
   785 | D:2      | Reached skill level 6 in Polearms
   785 | D:2      | Reached XP level 3. HP: 24/27 MP: 3/3
   841 | D:2      | Found a broken altar of Ashenzari.
   852 | D:2      | Became a worshipper of Ashenzari the Shackled
  1037 | D:2      | Noticed Sigmund
  1324 | D:3      | Reached skill level 7 in Polearms
  1324 | D:3      | Reached XP level 4. HP: 33/33 MP: 4/4
  2328 | D:4      | HP: 1/33 [something/magic dart (5)]
  2329 | D:4      | Slain by an orc wizard

Illustrated notes

Levels and vault maps discovered:
D:1:      dpeg_arrival_brainrot, layout_rooms
D:2:      layout_loops_cross, evilmike_ruin_ashenzari, uniq_sigmund,
          uniq_jessica
D:3:      cheibrodos_old_hovel, layout_loops_ring
D:4:      minmay_skewed_foursquare, layout_basic, marbit_many_paths,
          minmay_temple_entry_antechambers, serial_shops, nicolae_shop_stone,
          hangedman_decor_push

Skill      XL: |  1  2  3 |
---------------+----------+-----
Polearms       | 5 6 7 |  7.9
Fighting       | |  2.1
Throwing       | |  2.0
Dodging        | |  4.0

Action                   |  1- 3 |  4- 6 || total
-------------------------+-------+-------++-------
Melee: Trident           |   118 |    68 ||   186
  Use: Scroll            |     2 |     6 ||     8
       Potion            |       |     1 ||     1
 Stab: Sleeping          |     1 |       ||     1
Armor: Leather armour    |    21 |    13 ||    34
Dodge: Dodged            |    80 |    40 ||   120

Table legend: (Time is in decaauts)
 A = Elapsed time spent in this place.
 B = Non-inter-level travel time spent in this place.
 C = Inter-level travel time spent in this place.
 D = Time resting spent in this place.
 E = Time spent auto-exploring this place.
 F = Levels seen in this place.
 G = Mean time per level.
                   A        B        C        D        E       F      G
               +--------+--------+--------+--------+--------+-----+--------+
         Total |   2325 |   2298 |     27 |    844 |    995 |   4 |  581.2 |
       Dungeon |   2325 |   2298 |     27 |    844 |    995 |   4 |  581.2 |
               +--------+--------+--------+--------+--------+-----+--------+

Top non-repeatable levels by time:
     D:3: 942 daAuts
     D:1: 938 daAuts
     D:2: 372 daAuts
     D:4: 72 daAuts
